 Dungeon Crawl Stone Soup version 0.32-a0-909-gc671339a80 (webtiles) character file.

Game seed: 5674980294850935309

4811 Smolly the Carver (level 10, -1/74 HPs)
             Began as a Coglin Brigand on Apr 6, 2024.
             Was a Priest of Qazlal.
             Slain by a yak (14 damage)
             ... on level 9 of the Dungeon.
             The game lasted 00:13:26 (8203 turns).

Smolly the Carver (Coglin Brigand)                  Turns: 8203, Time: 00:13:27

Health: -1/74      AC:  8    Str: 12    XL:     10   Next: 48%
Magic:  13/13      EV: 11    Int: 11    God:    Qazlal [***...]
Gold:   445        SH:  3    Dex: 24    Spells: 7/9 levels left

rFire   . . .        u - +1 dagger (elec) {Nimrit}
rCold   . . .        K - +0 falchion (drain) {Zoran}
rNeg    . . .        p - +0 scale mail "Ytiwku" {rElec Dex+5 Slay+3}
rPois   .            (no helmet)
rElec   +            c - +0 cloak
rCorr   .            (no gloves)
SInv    .            (no boots)
Will    .....        (amulet unavailable)
Stlth   +            (ring unavailable)
HPRegen 0.32/turn    (ring unavailable)
MPRegen 0.13/turn    (no gizmo)

%: no passive effects
@: revved
A: off-hand wielding, slow wielding, warmup strikes, no jewellery
a: Invent Gizmo, Renounce Religion, Upheaval, Elemental Force


You were on level 9 of the Dungeon.
You worshipped Qazlal.
Qazlal was most pleased with you.
You visited 2 branches of the dungeon, and saw 10 of its levels.
You also visited: Sewer and Ossuary.

You collected 445 gold pieces.

Inventory:

Hand Weapons
 a - a +2 dagger {Hrodulf}
 f - a +0 dagger {Diego}
 h - a +1 dagger of protection {Khabaw}
 u - a +1 dagger of electrocution (weapon) {Nimrit}
 y - a +2 dagger of draining {Leofdaeg}
 K - a +0 falchion of draining (offhand) {Zoran}
Missiles
 d - 26 poisoned darts (quivered)
 e - 4 curare-tipped darts {=f}
 l - 4 atropa-tipped darts
 C - a throwing net {=f!f}
Armour
 b - a +0 robe
 c - a +0 cloak (worn)
 g - an orb of light
 p - the +0 scale mail "Ytiwku" (worn) {rElec Dex+5 Slay+3}
   (You found it on level 2 of the Dungeon)

   Dex+5:     It affects your dexterity (+5).
   Slay+3:    It affects your accuracy & damage with ranged weapons and melee
   (+3).
   rElec:     It insulates you from electricity.
Scrolls
 i - 2 scrolls of vulnerability {unknown}
 n - a scroll of brand weapon
 q - a scroll of summoning {unknown}
 r - a scroll of poison
 t - 6 scrolls of teleportation {unknown}
 v - a scroll of torment {!r}
 w - 2 scrolls of noise {!r}
 D - a scroll of silence {!r!r}
 F - a scroll of fog
 J - a scroll of enchant armour
 L - 2 scrolls of identify {@r1}
 M - a scroll of amnesia {unknown}
Potions
 j - 3 potions of might {unknown}
 k - 2 potions of degeneration {unknown}
 m - 2 potions of brilliance {unknown}
 o - 2 potions of ambrosia {unknown}
 s - a potion of invisibility {unknown}
 x - 5 potions of curing {unknown}
 z - 3 potions of attraction {unknown}
 A - 4 potions of resistance {unknown}
 B - a potion of cancellation {unknown}
 E - 2 potions of haste {unknown}
 G - a potion of berserk rage {unknown}
 H - a potion of mutation {unknown}
 I - a potion of enlightenment {unknown}


   Skills:
 + Level 5.5 Fighting
 - Level 1.7(6.5) Short Blades
 * Level 10.8(10.9) Long Blades
 - Level 1.7 Throwing
 + Level 4.6 Armour
 + Level 4.7 Dodging
 - Level 3.2 Stealth
 * Level 4.3 Invocations


You had 7 spell levels left.
You knew the following spells:

 Your Spells              Type           Power      Damage    Failure   Level
b - Blink                 Tloc           0%         N/A       94%         2

Your spell library contained the following spells:

 Spells                   Type           Power      Damage    Failure   Level
 Apportation              Tloc           0%         N/A       86%         1
 Kiss of Death            Conj/Necr      0%         2d5       86%         1
 Magic Dart               Conj           0%         1d3       86%         1
 Call Imp                 Summ           0%         N/A       94%         2
 Jinxbite                 Hex            0%         N/A       94%         2
 Scorch                   Fire           0%         2d5       94%         2
 Static Discharge         Conj/Air       0%         3-3/arc   94%         2
 Confusing Touch          Hex            0%         N/A       99%         3
 Hailstorm                Conj/Ice       0%         3d5       99%         3
 Maxwell's Portable Pile  Tloc           0%         2d(5-13)  99%         3
 Summon Ice Beast         Ice/Summ       0%         N/A       99%         3
 Teleport Other           Tloc           0%         N/A       99%         3
 Volatile Blastmotes      Fire/Tloc      0%         2d10      99%         3
 Airstrike                Air            0%         2d(0-16)  100%        4
 Dispel Undead            Necr           0%         3d6       100%        4
 Flame Wave               Conj/Fire      0%         2d4       100%        4
 Fulminant Prism          Conj/Alch      0%         3d5       100%        4
 Iskenderun's Mystic Bla Conj/Tloc 0%             2d3        (+2d1     100%        4
 Olgreb's Toxic Radiance  Alch           0%         N/A       100%        4
 Summon Lightning Spire   Summ/Air       0%         N/A       100%        4
 Alistair's Intoxication  Alch           0%         N/A       100%        5
 Arcjolt                  Conj/Air       0%         1d10      100%        5
 Dispersal                Tloc           0%         N/A       100%        6
 Gell's Gavotte           Tloc           0%         2d(11-16) 100%        6
 Permafrost Eruption      Ice/Erth       0%         2x4d1     100%        6
 Sculpt Simulacrum        Ice/Alch       0%         N/A       100%        6
 Summon Cactus Giant      Summ           0%         N/A       100%        6
 Ozocubu's Refrigeration  Ice            0%         4d7       100%        7
 Discord                  Hex            0%         N/A       100%        8
 Maxwell's Capacitive Co  Air            0%         ∞         100%        8


Dungeon Overview and Level Annotations

Branches:
Dungeon (9/15)             Temple (1/1) D:5           Sewer (visited)
Ossuary (visited)
   Lair: D:8-11         Orc: D:9-12

Altars:
Ashenzari
Dithmenos
Elyvilon
Fedhas
Gozag
Hepliaklqana
Kikubaaqudgha
Makhleb
Nemelex Xobeh
Okawaru
Qazlal
Ru
Sif Muna
Trog
Uskayaw
Vehumet
Wu Jian
Xom
Yredelemnul
Zin
The Shining One

Annotations:
D:5 3 runed translucent doors, Konar's ghost, novice CoHu
D:7 1 runed translucent door, nuthulu's ghost, novice MiFi


Innate Abilities, Weirdness & Mutations

You can wield a second weapon in your off-hand.
It takes a long time for you to wield or remove held weapons.
Your first few attacks do less damage.
You cannot equip rings or amulets.


Message History

The yak gores you!
You hit the yak with your +0 falchion of draining.
You puncture the yak with your +1 dagger of electrocution!
The yak barely misses you.
You slash the yak with your +0 falchion of draining!
You kill the yak!
Qazlal accepts your kill.
Your life force feels restored.
The yak gores you but does no damage. The yak closely misses you.
The yak gores you.
You hit the yak but do no damage.
You hit the yak with your +0 falchion of draining.
The yak closely misses you. You block the yak's attack.
The yak barely misses you.
You hit the yak with your +0 falchion of draining.
You hit the yak but do no damage. You block the yak's attack.
The yak gores you but does no damage. The yak gores you!
You are too injured to fight recklessly!
You are too injured to fight recklessly!
Unknown command.
You hit the yak with your +1 dagger of electrocution.
You hit the yak with your +0 falchion of draining.
You drain the yak. The yak gores you. The yak gores you but does no damage.
The yak misses you.
You barely miss the yak with your +0 falchion of draining.
You hit the yak with your +1 dagger of electrocution.
You hit the yak with your +1 dagger of electrocution.
Lightning courses through the yak!
You closely miss the yak with your +0 falchion of draining.
The yak gores you! You block the yak's attack.
The yak is engulfed in freezing vapours.
The yak gores you but does no damage.
You closely miss the yak with your +1 dagger of electrocution.
You slash the yak with your +0 falchion of draining!
You kill the yak!
Qazlal accepts your kill.
The yak is engulfed in freezing vapours.
The yak gores you!
* * * LOW HITPOINT WARNING * * *
The yak gores you!
* * * LOW HITPOINT WARNING * * *
Unknown command.
The yak is engulfed in freezing vapours.
You kill the yak!
Qazlal accepts your kill.
There is an open door, spattered with blood here.
As you read the scroll labelled MISHRI UTICUMOT, it crumbles to dust.
You hear a loud clanging noise!
It was a scroll of noise.
The yak gores you!
You die...

.#### ## # ## .########
######### ........##
#≈≈≈≈≈≈≈# .........##
#≈≈...≈≈#
########..#######○°|...≈#
###......@YYY...≈#
########≈.....≈#
#≈≈...≈≈# #≈≈≈≈≈≈≈#
#########


You could see 3 yaks.

Vanquished Creatures
  Grinder (D:3)
  A hornet (D:8)
  A shadow (D:7)
  A wyvern (D:7)
  A fire bat (D:7)
  A basilisk (D:8)
  3 yaks (D:9)
  Menkaure (D:6)
  2 water moccasins
  An ice beast (D:6)
  2 black bears
  3 ogres
  2 centaurs (D:6)
  2 phantoms
  2 brain worms (Sewer)
  2 kobold brigands (Sewer)
  A weeping skull (Ossuary)
  7 scorpions
  5 wights (D:8)
  3 killer bees (D:8)
  3 howler monkeys (D:8)
  A bombardier beetle (D:5)
  4 crimson imps (D:7)
  3 orc priests
  A hound (D:6)
  2 jellies
  Jessica (D:3)
  A sleepcap (D:5)
  3 iguanas (D:4)
  4 orc wizards
  4 mummies
  10 adders
  5 river rats (Sewer)
  3 shadow imps (D:7)
  6 white imps
  A dart slug (D:5)
  A ribbon worm (D:2)
  21 orcs
  6 endoplasms
  9 giant cockroaches
  7 gnoll zombies (Ossuary)
  15 goblins
  9 hobgoblins
  A jackal (Sewer)
  10 kobolds
  4 quokkas
  10 ball pythons
  14 bats
  6 frilled lizards
  7 gnoll skeletons (Ossuary)
  8 goblin skeletons (Ossuary)
  4 goblin zombies (Ossuary)
  2 hobgoblin skeletons (Ossuary)
  4 hobgoblin zombies
  3 kobold skeletons (Ossuary)
  5 kobold zombies
  An orc skeleton (Ossuary)
  3 orc zombies (Ossuary)
  7 rats
  4 rat skeletons (Ossuary)
  4 rat zombies (Ossuary)
259 creatures vanquished.

Notes
Turn   | Place    | Note
-------+----------+-------------------------------------------
     0 | D:1      | Smolly the Coglin Brigand began the quest for the Orb.
     0 | D:1      | Reached XP level 1. HP: 16/16 MP: 1/1
    45 | D:1      | Reached skill level 1 in Long Blades
   106 | D:1      | Reached XP level 2. HP: 22/22 MP: 2/2
   186 | D:1      | Reached skill level 2 in Long Blades
   382 | D:1      | Reached XP level 3. HP: 27/27 MP: 3/3
   778 | D:2      | Found a faded altar of an unknown god.
   837 | D:2      | Identified the +0 scale mail "Ytiwku" {rElec Dex+5 Slay+3}
   847 | D:2      | Reached skill level 3 in Long Blades
  1281 | D:3      | Reached XP level 4. HP: 33/33 MP: 4/4
  1434 | D:3      | Noticed a black bear
  1447 | D:3      | Killed a black bear
  1448 | D:3      | Reached skill level 5 in Long Blades
  1448 | D:3      | Reached XP level 5. HP: 38/38 MP: 5/5
  1695 | D:3      | Noticed Jessica
  1695 | D:3      | Noticed Grinder
  1767 | D:3      | Killed Jessica
  1768 | D:3      | Reached XP level 6. HP: 44/44 MP: 6/6
  1799 | D:3      | Killed Grinder
  1800 | D:3      | Reached skill level 6 in Long Blades
  1800 | D:3      | Reached XP level 7. HP: 43/50 MP: 7/7
  1962 | D:3      | Reached skill level 7 in Long Blades
  2402 | D:4      | Reached skill level 1 in Dodging
  2414 | D:4      | Found a glowing drain.
  2470 | Sewer    | Entered a sewer
  2594 | Sewer    | Reached skill level 8 in Long Blades
  2666 | Sewer    | Reached skill level 1 in Armour
  2674 | Sewer    | Reached XP level 8. HP: 47/57 MP: 6/8
  3604 | D:5      | Entered Level 5 of the Dungeon
  3614 | D:5      | Reached skill level 3 in Fighting
  3766 | D:5      | Found a runed translucent gate.
  3766 | D:5      | Found a runed translucent gate.
  3771 | D:5      | Found a runed translucent gate.
  3815 | D:5      | Noticed Konar's ghost (novice CoHu)
  3952 | D:5      | Found a staircase to the Ecumenical Temple.
  3961 | Temple   | Entered the Ecumenical Temple
  3970 | Temple   | Became a worshipper of Qazlal Stormbringer
  4255 | D:5      | Reached skill level 9 in Long Blades
  4371 | D:5      | Reached skill level 1 in Invocations
  4481 | D:6      | Reached skill level 3 in Dodging
  4481 | D:6      | Reached XP level 9. HP: 65/65 MP: 9/9
  4538 | D:6      | Reached skill level 3 in Armour
  4833 | D:6      | Found a sand-covered staircase.
  4838 | Ossuary  | Entered an ossuary
  4904 | Ossuary  | Reached * piety under Qazlal
  5083 | Ossuary  | Reached ** piety under Qazlal
  5544 | D:6      | Noticed Menkaure
  5889 | D:6      | Found an iron altar of Okawaru.
  5939 | D:6      | Found a radiant altar of Vehumet.
  5993 | D:6      | Killed Menkaure
  5994 | D:6      | Reached skill level 10 in Long Blades
  6531 | D:7      | Reached skill level 3 in Invocations
  6699 | D:7      | Found a runed translucent door.
  6699 | D:7      | Noticed nuthulu's ghost (novice MiFi)
  6906 | D:7      | Found a shimmering altar of Xom.
  6913 | D:7      | Reached XP level 10. HP: 72/74 MP: 12/12
  7526 | D:8      | Reached *** piety under Qazlal
  7859 | D:8      | Learned a level 2 spell: Blink
  8203 | D:9      | Slain by a yak

Illustrated notes

Levels and vault maps discovered:
D:1:      saegor_arrival_under_anarchy, layout_loops_ring
D:2:      kennysheep_the_goblin_king, layout_rooms,
          shapermc_ecumenical_altar_pompeii, kennysheep_generic_room_4
D:3:      layout_rooms, roderic_batcave, uniq_jessica, uniq_grinder
D:4:      layout_loops_ring, gup_sewer_entry_glass, minmay_goblin_kobold_house
D:5:      layout_loops_ring, minmay_temple_entry_offerings, gammafunk_ghost_icy
D:6:      layout_loops_ring, minitemple, nicolae_ossuary_entry_giza,
          uniq_menkaure
D:7:      layout_basic, regret_index_xom_of_box, gammafunk_ghost_grave,
          minmay_nine_imps
D:8:      layout_loops_ring
D:9:      statuecave_lemuel, layout_layer_cave, special_room [special_room_orc],
          minmay_misc_feat_x, minmay_door_square, kennysheep_generic_room_8
Temple:   nicolae_temple_two_arcs

Skill      XL: |  1  2  3  4  5  6  7  8  9 10 |
---------------+-------------------------------+-----
Long Blades    | 1 2 3 5 6 8 9 10 | 10.8
Dodging        | 1 3 4 |  4.7
Armour         | 1 2 4 |  4.6
Fighting       | 3 5 |  5.5
Invocations    | 1 3 4 |  4.3
Short Blades   | |  1.7
Throwing       | |  1.7
Stealth        | |  3.2

Action                     |  1- 3 |  4- 6 |  7- 9 | 10-12 || total
---------------------------+-------+-------+-------+-------++-------
  Melee: Dagger            |   164 |    98 |   712 |    86 ||  1060
         Falchion          |       |       |       |    31 ||    31
 Invoke: Upheaval          |       |       |     2 |       ||     2
    Use: Potion            |       |       |     2 |       ||     2
         Scroll            |       |       |       |     7 ||     7
   Stab: Sleeping          |     7 |     1 |     3 |       ||    11
 Armour: Robe              |    41 |       |       |       ||    41
         Scale mail        |     9 |    31 |   226 |    41 ||   307
  Dodge: Dodged            |    42 |    18 |   133 |    25 ||   218
  Block: Other             |       |       |    16 |    11 ||    27

Table legend: (Time is in decaauts)
 A = Elapsed time spent in this place.
 B = Non-inter-level travel time spent in this place.
 C = Inter-level travel time spent in this place.
 D = Time resting spent in this place.
 E = Time spent auto-exploring this place.
 F = Levels seen in this place.
 G = Mean time per level.
                   A        B        C        D        E       F      G
               +--------+--------+--------+--------+--------+-----+--------+
         Total |   8214 |   7984 |    230 |    712 |   5850 |  12 |  684.5 |
       Dungeon |   6981 |   6769 |    212 |    682 |   5015 |   9 |  775.7 |
        Temple |     18 |      1 |     17 |      0 |      0 |   1 |   18.0 |
         Sewer |    853 |    853 |      0 |     30 |    637 |   1 |  853.0 |
       Ossuary |    361 |    361 |      0 |      0 |    197 |   1 |  361.0 |
               +--------+--------+--------+--------+--------+-----+--------+

Top non-repeatable levels by time:
     D:8: 1070 daAuts
     D:6: 1066 daAuts
     D:5: 1029 daAuts
     D:7: 874 daAuts
   Sewer: 853 daAuts
     D:4: 789 daAuts
     D:3: 778 daAuts
     D:1: 708 daAuts
     D:2: 573 daAuts
 Ossuary: 361 daAuts
     D:9: 89 daAuts
  Temple: 18 daAuts
